 Dungeon Crawl Stone Soup version 0.23.2-33-g5129a83184 (webtiles) character file.

Game seed: 10349907843471714768

142 Felnil the Skirmisher (level 5, -1/46 HPs)
             Began as a Mummy Fighter on Aug 9, 2019.
             Was a Follower of Cheibriados.
             Slain by a leopard gecko (4 damage)
             ... on level 2 of the Dungeon.
             The game lasted 00:05:29 (1354 turns).

Felnil the Skirmisher (Mummy Fighter)               Turns: 1354, Time: 00:05:30

Health: -1/46      AC:  6    Str: 23    XL:     5   Next: 4%
Magic:  5/5        EV:  7    Int:  9    God:    Cheibriados [*.....]
Gold:   61         SH:  9    Dex: 13    Spells: 4/4 levels left

rFire    x . .     SeeInvis .   a - +0 war axe
rCold    + . .     Gourm    .   c - +0 shield
rNeg     + + +     Faith    .   b - +0 scale mail
rPois    ∞         Spirit   .   (no helmet)
rElec    .         Reflect  .   f - scarf {repulsion}
rCorr    .         Harm     .   (no gloves)
MR       .....                  (no boots)
Stlth    ..........             (no amulet)
HPRegen  0.15/turn              (no ring)
MPRegen  0.09/turn              (no ring)

@: repel missiles, very slow
A: no food or potions, fire vulnerability, cold resistance 1, negative energy
resistance 3, torment resistance, unbreathing
a: Bend Time, Renounce Religion


You were on level 2 of the Dungeon.
You worshipped Cheibriados.
Cheibriados was aware of your devotion.
You were not hungry.

You visited 1 branch of the dungeon, and saw 3 of its levels.

You collected 61 gold pieces.

Inventory:

Hand Weapons
 a - a +0 war axe (weapon)
Armour
 b - a +0 scale mail (worn)
 c - a +0 shield (worn)
 f - a scarf of repulsion (worn)
 j - a +1 leather armour of fire resistance
Scrolls
 d - a scroll of remove curse
 g - a scroll of fog {unknown}
 h - a scroll of amnesia {unknown}
 i - a scroll of magic mapping {unknown}


   Skills:
 + Level 5.8 Fighting
 - Level 1.5 Axes
 - Level 2.4 Armour
 - Level 2.4 Shields


You had 4 spell levels left.
You didn't know any spells.
Your spell library was empty.

Dungeon Overview and Level Annotations

Branches:
Dungeon (3/15)

Altars:
Cheibriados
Qazlal

Annotations:
D:2 Natasha


Innate Abilities, Weirdness & Mutations

You do not eat or drink.
Your flesh is vulnerable to fire.
You are immune to poison.
Your flesh is cold resistant. (rC+)
You are immune to negative energy. (rN+++)
You are immune to unholy pain and torment.
You can survive without breathing.


Message History

The magic dart hits you.
* * * LOW HITPOINT WARNING * * *
Things that are here:
a jackal corpse x2
Your surroundings suddenly seem different.
Found a scroll labeled XEVUME ZONOWE.
You start resting.
A leopard gecko comes into view.
The leopard gecko hisses angrily.
The leopard gecko bites you but does no damage. x2
You hit the leopard gecko but do no damage.
The leopard gecko barely misses you.
The leopard gecko bites you but does no damage.
You miss the leopard gecko. The leopard gecko bites you.
* * * LOW HITPOINT WARNING * * *
Your shield and scale mail prevent you from hitting the leopard gecko.
The leopard gecko barely misses you. You block the leopard gecko's attack.
You closely miss the leopard gecko. You block the leopard gecko's attack.
The leopard gecko bites you.
You die...

.. ..# # ##
###
#.######
#..l@..#
.....####.#
..? .# . .#
.. .# .. ##


You could see a leopard gecko.

Vanquished Creatures
  An orc priest (D:3)
  Terence (D:2)
  Natasha (D:2)
  2 adders (D:2)
  A worm (D:2)
  2 dart slugs (D:2)
  2 leopard geckos
  3 orcs (D:3)
  4 bats
  4 goblins
  5 hobgoblins
  3 jackals (D:2)
  A kobold (D:1)
  3 frilled lizards
  4 rats
37 creatures vanquished.

Notes
Turn   | Place    | Note
-------+----------+-------------------------------------------
     0 | D:1      | Felnil the Mummy Fighter began the quest for the Orb.
     0 | D:1      | Reached XP level 1. HP: 18/18 MP: 1/1
   266 | D:1      | Reached XP level 2. HP: 20/24 MP: 2/2
   759 | D:2      | Reached skill level 4 in Fighting
   847 | D:2      | Found a snail-covered altar of Cheibriados.
   855 | D:2      | Became a worshipper of Cheibriados the Contemplative
   895 | D:2      | Reached XP level 3. HP: 31/31 MP: 3/3
   900 | D:2      | You fall through a shaft!
   998 | D:2      | You fall through a shaft!
  1080 | D:3      | Reached skill level 5 in Fighting
  1080 | D:3      | Reached XP level 4. HP: 33/39 MP: 4/4
  1174 | D:3      | Found a stormy altar of Qazlal.
  1234 | D:2      | Noticed Natasha
  1242 | D:2      | Killed Natasha
  1263 | D:2      | Reached * piety under Cheibriados
  1299 | D:2      | Noticed Terence
  1310 | D:2      | Killed Terence
  1310 | D:2      | Reached XP level 5. HP: 23/46 MP: 5/5
  1318 | D:2      | Noticed Natasha
  1332 | D:2      | HP: 1/46 [Natasha/magic dart (3)]
  1354 | D:2      | Slain by a leopard gecko

Skill      XL: |  1  2  3 |
---------------+----------+-----
Fighting       | 4 5 |  5.8
Axes           | |  1.5
Armour         | |  2.4
Shields        | |  2.4

Action                   |  1- 3 |  4- 6 || total
-------------------------+-------+-------++-------
Melee: War axe           |    97 |    61 ||   158
  Use: Scroll            |       |     2 ||     2
Armor: Scale mail        |    48 |    24 ||    72
Dodge: Dodged            |    41 |    24 ||    65
       Deflected         |     2 |       ||     2
Block: Shield            |    53 |    24 ||    77
